Rafales vs Blackdemons
Created - February 28, 2019 at 20:27
Goals
|
| Rafales |
2 |
0 |
2 |
0 |
0 |
4 |
| Blackdemons |
1 |
1 |
2 |
0 |
2 |
5 |
|
Shots
|
| Rafales |
21 |
10 |
10 |
0 |
2 |
41 |
| Blackdemons |
9 |
11 |
9 |
2 |
2 |
31 |
|
1st period
1. Blackdemons , Martin Hanzal 44 (Roman Josi 24) at 0:08
2. Rafales , Michael Ryder 17 (Cody McLeod 57, Kevin Veilleux 12) at 5:56
3. Rafales , Brian Ferlin 12 (Stefan Chaput 2, Chris Terry 15) at 16:23
Penalties :
Hudson Fasching (MJM) for Roughing (Minor) at 19:12
2nd period
4. Blackdemons , Ladislav Nagy 31 (Kyle Rau 24, Brett Kulak 8) at 5:08
Penalties :
Milan Bartovic (Stf) for Roughing (Minor) at 19:23
3rd period
5. Rafales , Kevin Veilleux 10 (Cody McLeod 58) at 6:05 (PP)
6. Blackdemons , Martin Hanzal 45 (James Livingstone 4) at 11:02
7. Rafales , James Marcou 6 (Cedric Paquette 8) at 13:18
8. Blackdemons , Kyle Rau 8 (Ladislav Nagy 26, Randy Jones 3) at 16:36
Penalties :
Tommy Vannelli (MJM) for Slashing (Minor) at 6:01
Overtime #1
No Goal
Penalties :
No Penalty
Shootout
Rafales, Kevin Veilleux - Shot Misses the Net
Blackdemons, Martin Hanzal - Goal!
Rafales, Cody McLeod - Shot Misses the Net
Blackdemons, Ladislav Nagy - Goal!
Penalties :
No Penalty
Goalie Stats
Leland Irving (Stf), 27 saves from 31 shots - (0.871), OTL, 28-18-2, 65:00 minutes
Matt Hackett (MJM), 37 saves from 41 shots - (0.902), W, 33-8-0, 65:00 minutes
Players Stats for Rafales
Player Name G A P +/- PIM S H SB GA TA FO MP PP MP PK MP
------------------------------------------------------------------------------------
Brian Ferlin 1 0 1 1 0 7 1 0 0 0 1/1 12:35 0:00 0:00
Cedric Paquette 0 1 1 0 0 2 0 0 0 0 1/7 12:29 0:00 0:24
Chris Terry 0 1 1 1 0 1 2 0 0 1 0/0 13:32 0:00 0:03
Cody McLeod 0 2 2 -1 0 8 3 0 0 0 1/3 23:36 1:20 1:26
Connor Murphy 0 0 0 -1 0 0 0 1 1 1 0/0 28:25 1:18 1:16
Dennis Persson 0 0 0 1 0 1 0 1 0 1 0/0 15:41 0:00 0:00
Dylan McIlrath 0 0 0 1 0 0 1 0 0 0 0/0 15:41 0:00 0:00
James Marcou 1 0 1 0 0 2 0 0 0 0 0/0 11:00 0:00 0:00
James Sheppard 0 0 0 -1 0 2 2 0 1 0 0/0 16:47 0:43 0:33
Joey Laleggia 0 0 0 -1 0 1 3 0 0 0 0/0 20:54 0:45 0:43
Julian Melchiori 0 0 0 -1 0 1 0 2 0 1 0/0 20:54 0:45 0:43
Kevin Veilleux 1 1 2 -1 0 1 0 0 0 0 16/30 23:36 1:20 1:23
Maksim Mayorov 0 0 0 0 0 0 0 0 1 0 0/0 11:00 0:00 0:00
Matt Gilroy 0 0 0 -1 0 1 2 3 0 1 0/0 28:25 1:18 1:16
Michael Ryder 1 0 1 -1 0 6 1 1 2 0 1/7 21:38 1:20 0:09
Milan Bartovic 0 0 0 -1 2 2 2 0 1 0 0/0 14:31 0:43 0:00
Nathan Davis 0 0 0 -1 0 3 1 0 0 1 2/8 14:43 0:43 0:00
Stefan Chaput 0 1 1 1 0 3 0 0 0 0 4/10 12:33 0:00 0:00
Players Stats for Blackdemons
Player Name G A P +/- PIM S H SB GA TA FO MP PP MP PK MP
------------------------------------------------------------------------------------
Alexandre Grenier 0 0 0 0 0 1 0 0 0 0 4/5 18:16 0:59 0:00
Blake Pietila 0 0 0 0 0 4 2 0 0 0 0/0 18:35 1:00 0:00
Brett Kulak 0 1 1 1 0 0 2 0 0 0 0/0 12:28 0:00 0:00
Charles-Olivier Roussel 0 0 0 1 0 0 0 1 0 0 0/0 8:16 0:00 1:07
Hudson Fasching 0 0 0 2 2 0 1 0 0 0 0/0 15:55 1:00 0:00
James Livingstone 0 1 1 0 0 0 0 0 1 0 0/0 8:43 0:00 0:00
Jeffrey Foss 0 0 0 0 0 0 2 1 0 1 0/0 19:44 0:57 0:56
Kyle Rau 1 1 2 2 0 1 0 1 1 0 5/15 18:03 0:00 1:00
Ladislav Nagy 1 1 2 2 0 4 1 0 0 0 1/4 17:58 0:59 1:03
Mackenzie MacEachern 0 0 0 0 0 1 0 0 0 0 1/1 8:43 0:00 0:00
Martin Hanzal 2 0 2 0 0 9 2 1 0 1 19/27 20:05 1:00 0:00
Max Friberg 0 0 0 -1 0 0 0 0 0 0 2/2 15:47 0:00 0:00
Patrice Cormier 0 0 0 -1 0 2 2 1 0 0 5/7 19:06 0:59 1:03
Randy Jones 0 1 1 -1 0 3 1 1 2 0 0/0 26:37 1:02 1:07
Robbie Russo 0 0 0 1 0 0 0 3 1 0 0/0 12:28 0:00 0:00
Roman Josi 0 1 1 -1 0 2 3 0 0 1 0/0 24:16 1:02 0:00
Scott Timmins 0 0 0 0 0 3 1 0 1 0 3/5 9:45 0:00 0:00
Sergei Plotnikov 0 0 0 -1 0 0 0 0 0 0 0/0 17:00 0:00 1:00
Tommy Vannelli 0 0 0 1 2 0 0 0 0 1 0/0 6:26 0:00 0:00
Yannick Weber 0 0 0 0 0 1 0 2 0 2 0/0 19:44 0:57 0:56
3 Stars
1 - Martin Hanzal (MJM)
2 - Ladislav Nagy (MJM)
3 - Kyle Rau (MJM)
Power Play
Rafales - 1 on 2 Attempt(s) - 50.00%
Blackdemons - 0 on 1 Attempt(s) - 0.00%
Penalty Kill
Rafales - 1 on 1 Attempt(s) - 100.00%
- Score 0 goal in Penalty Kill
Blackdemons - 1 on 2 Attempt(s) - 50.00%
- Score 0 goal in Penalty Kill
Team Stat
Rafales - Hits : 18 - Faceoff Wins : 26 - Blocked Shots : 8 - Penalty Minutes : 2
Blackdemons - Hits : 17 - Faceoff Wins : 40 - Blocked Shots : 11 - Penalty Minutes : 4
Official
Referees : Unknown
Linesman : Unknown
Game Notes
No Game Note
Finance
Level 1 -- Attendance: 1700 (85.00%) -- Ticket Income $68,000
Level 2 -- Attendance: 786 (78.60%) -- Ticket Income $15,720
Total Attendance: 2486 (82.87%)
Total Ticket Income: $83,720
Other Income: $4,186
Total Income: $87,906
Rafales
5 vs 5 Forward
Center Left Wing Right Wing Time % Phy DF OF
1 Kevin Veilleux Cody McLeod Michael Ryder 40 0 1 4
2 Nathan Davis James Sheppard Milan Bartovic 30 1 1 3
3 Stefan Chaput Chris Terry Brian Ferlin 20 1 1 3
4 Cedric Paquette Maksim Mayorov James Marcou 10 2 1 2
5 vs 5 Defense
Defense Defense Time % Phy DF OF
1 Matt Gilroy Connor Murphy 40 1 3 1
2 Julian Melchiori Joey Laleggia 30 1 3 1
3 Dylan McIlrath Dennis Persson 20 1 3 1
4 Matt Gilroy Connor Murphy 10 1 3 1
PowerPlay Forward
Center Left Wing Right Wing Time % Phy DF OF
1 Kevin Veilleux Cody McLeod Michael Ryder 60 0 0 5
2 Nathan Davis James Sheppard Milan Bartovic 40 0 0 5
PowerPlay Defense
Defense Defense Time % Phy DF OF
1 Matt Gilroy Connor Murphy 60 0 1 4
2 Julian Melchiori Joey Laleggia 40 0 2 3
Penalty Kill 4 Players Forward
Center Wing Time % Phy DF OF
1 Kevin Veilleux Cody McLeod 60 0 3 2
2 Michael Ryder James Sheppard 40 0 4 1
Penalty Kill 4 Players Defense
Defense Defense Time % Phy DF OF
1 Matt Gilroy Connor Murphy 60 2 3 0
2 Julian Melchiori Joey Laleggia 40 1 4 0
Penalty Kill - 3 Players Forward
Forward Time % Phy DF OF
1 Kevin Veilleux 60 1 4 0
2 Cody McLeod 40 1 4 0
Penalty Kill - 3 Players Defense
Defense Defense Time % Phy DF OF
1 Matt Gilroy Connor Murphy 60 1 4 0
2 Julian Melchiori Joey Laleggia 40 1 4 0
4 vs 4 Forward
Center Wing Time % Phy DF OF
1 Kevin Veilleux Cody McLeod 60 1 1 3
2 Michael Ryder James Sheppard 40 1 1 3
4 vs 4 Defense
Defense Defense Time % Phy DF OF
1 Matt Gilroy Connor Murphy 60 1 3 1
2 Julian Melchiori Joey Laleggia 40 1 3 1
Last Minutes Offensive
Center Left Wing Right Wing Defense Defense
Kevin Veilleux Cody McLeod Michael Ryder Matt Gilroy Connor Murphy
Last Minutes Defensive
Center Left Wing Right Wing Defense Defense
Kevin Veilleux Cody McLeod Michael Ryder Matt Gilroy Connor Murphy
Goaltenders
Starting : Leland Irving
Backup : Sean Maguire
Extra Forwards
Normal : Kevin Veilleux, Cody McLeod, Michael Ryder - PP : Kevin Veilleux, Cody McLeod - PK : James Sheppard
Extra Defensemen
Normal : Matt Gilroy, Connor Murphy, Julian Melchiori - PP : Matt Gilroy - PK : Connor Murphy, Julian Melchiori
Penalty Shots
Kevin Veilleux, Cody McLeod, Michael Ryder, James Sheppard, Milan Bartovic
Scratches
Ben Sexton (Healthy), Ryan Bourque (Healthy), Carl Klingberg (Back Spasms Injury), Ben Johnson (Healthy), Jayson Megna (Healthy)
Slater Koekkoek (Healthy), Brad Ross (Healthy), Mike Zigomanis (Sprained Right Ankle Injury), Ben Thomson (Healthy), Tyrell Goulbourne (Healthy)
David Broll (Healthy), Akim Aliu (Healthy), Chris Driedger (Healthy)
Blackdemons
5 vs 5 Forward
Center Left Wing Right Wing Time % Phy DF OF
1 Martin Hanzal Blake Pietila Alexandre Grenier 36 0 1 4
2 Patrice Cormier Sergei Plotnikov Max Friberg 30 0 1 4
3 Kyle Rau Ladislav Nagy Hudson Fasching 24 0 2 3
4 Scott Timmins Mackenzie MacEachern James Livingstone 10 0 1 4
5 vs 5 Defense
Defense Defense Time % Phy DF OF
1 Randy Jones Roman Josi 40 0 4 1
2 Jeffrey Foss Yannick Weber 30 0 4 1
3 Brett Kulak Robbie Russo 22 0 5 0
4 Charles-Olivier Roussel Tommy Vannelli 8 0 5 0
PowerPlay Forward
Center Left Wing Right Wing Time % Phy DF OF
1 Patrice Cormier Ladislav Nagy Alexandre Grenier 50 0 0 5
2 Martin Hanzal Blake Pietila Hudson Fasching 50 0 0 5
PowerPlay Defense
Defense Defense Time % Phy DF OF
1 Jeffrey Foss Yannick Weber 50 0 1 4
2 Randy Jones Roman Josi 50 0 1 4
Penalty Kill 4 Players Forward
Center Wing Time % Phy DF OF
1 Patrice Cormier Ladislav Nagy 50 0 5 0
2 Kyle Rau Sergei Plotnikov 50 0 5 0
Penalty Kill 4 Players Defense
Defense Defense Time % Phy DF OF
1 Yannick Weber Jeffrey Foss 50 0 5 0
2 Charles-Olivier Roussel Randy Jones 50 0 5 0
Penalty Kill - 3 Players Forward
Forward Time % Phy DF OF
1 Patrice Cormier 60 0 5 0
2 Martin Hanzal 40 0 5 0
Penalty Kill - 3 Players Defense
Defense Defense Time % Phy DF OF
1 Yannick Weber Roman Josi 60 0 5 0
2 Jeffrey Foss Randy Jones 40 0 5 0
4 vs 4 Forward
Center Wing Time % Phy DF OF
1 Kyle Rau Martin Hanzal 50 1 2 2
2 Ladislav Nagy Patrice Cormier 50 1 2 2
4 vs 4 Defense
Defense Defense Time % Phy DF OF
1 Randy Jones Roman Josi 50 1 2 2
2 Yannick Weber Jeffrey Foss 50 1 2 2
Last Minutes Offensive
Center Left Wing Right Wing Defense Defense
Martin Hanzal Ladislav Nagy Alexandre Grenier Roman Josi Randy Jones
Last Minutes Defensive
Center Left Wing Right Wing Defense Defense
Martin Hanzal Ladislav Nagy Alexandre Grenier Roman Josi Randy Jones
Goaltenders
Starting : Matt Hackett
Backup : Laurent Brossoit
Extra Forwards
Normal : Max Friberg, Scott Timmins, Blake Pietila - PP : Max Friberg, Scott Timmins - PK : Blake Pietila
Extra Defensemen
Normal : Yannick Weber, Roman Josi, Jeffrey Foss - PP : Yannick Weber - PK : Roman Josi, Jeffrey Foss
Penalty Shots
Martin Hanzal, Ladislav Nagy, Sergei Plotnikov, Hudson Fasching, Patrice Cormier
Scratches
Christophe Lalancette (Healthy), Klas Dahlbeck (Healthy), Matt Grzelcyk (Healthy), Remi Elie (Healthy), Jyrki Jokipakka (Healthy)
Zachary Sanford (Bruised Left Foot Injury), Ben Maxwell (Healthy), Nicolas Deschamps (Healthy), Keaton Ellerby (Healthy), Angelo Esposito (Healthy)
Jacob Lagacé (Healthy), Ebbe Siönäs (Healthy), Sami Aittokallio (Healthy), Jeremy Smith (Healthy)
% Time on Ice - Rafales
Lines # - Real PCT - Wanted PCT - Time Play
Normal Forward
1 - 33% - 40% - 18:36
2 - 25% - 30% - 13:49
3 - 22% - 20% - 12:33
4 - 20% - 10% - 11:00
Normal Defense
1 - 37% - 40% - 20:56
2 - 31% - 30% - 17:26
3 - 27% - 20% - 15:05
4 - 4% - 10% - 2:31
PP Forward
1 - 65% - 60% - 1:20
2 - 35% - 40% - 0:43
PP Defense
1 - 63% - 60% - 1:18
2 - 37% - 40% - 0:45
PK Forward
1 - 92% - 60% - 1:50
2 - 8% - 40% - 0:09
PK Defense
1 - 64% - 60% - 1:16
2 - 36% - 40% - 0:43
PK3 Forward
1 - 0% - 60%
2 - 0% - 40%
PK3 Defense
1 - 0% - 60%
2 - 0% - 40%
44 Forward
1 - 93% - 60% - 4:40
2 - 7% - 40% - 0:20
44 Defense
1 - 60% - 60% - 3:00
2 - 40% - 40% - 2:00
Last Minute Offensive - 0:00
Last Minute Defensive - 0:00
Total
Forward - 65:00
Defense - 65:00
|
% Time on Ice - Blackdemons
Lines # - Real PCT - Wanted PCT - Time Play
Normal Forward
1 - 30% - 36% - 16:53
2 - 29% - 30% - 16:28
3 - 25% - 24% - 13:54
4 - 16% - 10% - 8:43
Normal Defense
1 - 38% - 40% - 21:18
2 - 29% - 30% - 16:21
3 - 22% - 22% - 12:28
4 - 10% - 8% - 5:51
PP Forward
1 - 50% - 50% - 0:59
2 - 50% - 50% - 1:00
PP Defense
1 - 48% - 50% - 0:57
2 - 52% - 50% - 1:02
PK Forward
1 - 51% - 50% - 1:03
2 - 49% - 50% - 1:00
PK Defense
1 - 46% - 50% - 0:56
2 - 54% - 50% - 1:07
PK3 Forward
1 - 0% - 60%
2 - 0% - 40%
PK3 Defense
1 - 0% - 60%
2 - 0% - 40%
44 Forward
1 - 49% - 50% - 2:27
2 - 51% - 50% - 2:33
44 Defense
1 - 52% - 50% - 2:37
2 - 48% - 50% - 2:23
Last Minute Offensive - 0:00
Last Minute Defensive - 0:00
Total
Forward - 65:00
Defense - 65:00
|
Play-by-Play
1st period
0:01 of 1st period - Martin Hanzal wins face-off versus Kevin Veilleux in neutral zone.
0:06 of 1st period - Snap shot by Roman Josi.
0:06 of 1st period - Stopped by Leland Irving with a rebound.
0:08 of 1st period - Slapshot by Roman Josi.
0:08 of 1st period - Deflect By Martin Hanzal.
0:08 of 1st period - Goal by Martin Hanzal - Rafales : 0 - Blackdemons : 1.
0:09 of 1st period - Patrice Cormier wins face-off versus Nathan Davis in neutral zone.
0:18 of 1st period - Off-side.
0:19 of 1st period - Patrice Cormier wins face-off versus Nathan Davis in neutral zone.
0:37 of 1st period - Max Friberg is hit by Milan Bartovic and loses puck.
1:50 of 1st period - Snap shot by Milan Bartovic.
1:50 of 1st period - Deflect By James Sheppard.
1:50 of 1st period - Stopped by Matt Hackett with a rebound.
1:52 of 1st period - Wrist shot by Julian Melchiori.
1:52 of 1st period - Shot Misses the Net.
1:54 of 1st period - Wrist shot by Julian Melchiori.
1:54 of 1st period - Shot Blocked by Yannick Weber.
1:56 of 1st period - Slapshot by Joey Laleggia.
1:56 of 1st period - Shot Blocked by Yannick Weber.
1:58 of 1st period - Wrist shot by Joey Laleggia.
1:58 of 1st period - Stopped by Matt Hackett without a rebound.
1:59 of 1st period - Kevin Veilleux wins face-off versus Martin Hanzal in Blackdemons zone.
2:08 of 1st period - Slapshot by Cody McLeod.
2:08 of 1st period - Stopped by Matt Hackett without a rebound.
2:09 of 1st period - Martin Hanzal wins face-off versus Kevin Veilleux in Blackdemons zone.
2:14 of 1st period - Backhand shot by Blake Pietila.
2:14 of 1st period - Stopped by Leland Irving with a rebound.
2:16 of 1st period - Snap shot by Blake Pietila.
2:16 of 1st period - Stopped by Leland Irving with a rebound.
2:18 of 1st period - Slapshot by Roman Josi.
2:18 of 1st period - Deflect By Blake Pietila.
2:18 of 1st period - Shot Misses the Net.
2:18 of 1st period - Puck is out of play.
2:19 of 1st period - Stefan Chaput wins face-off versus Kyle Rau in Rafales zone.
2:30 of 1st period - Wrist shot by Brian Ferlin.
2:30 of 1st period - Stopped by Matt Hackett without a rebound.
2:31 of 1st period - Alexandre Grenier wins face-off versus Kevin Veilleux in Blackdemons zone.
2:58 of 1st period - Ladislav Nagy is hit by Matt Gilroy and loses puck.
3:03 of 1st period - Snap shot by Brian Ferlin.
3:03 of 1st period - Stopped by Matt Hackett without a rebound.
3:04 of 1st period - Scott Timmins wins face-off versus Cedric Paquette in Blackdemons zone.
3:36 of 1st period - Wrist shot by Michael Ryder.
3:36 of 1st period - Shot Blocked by Robbie Russo.
3:38 of 1st period - Snap shot by Cody McLeod.
3:38 of 1st period - Shot Blocked by Robbie Russo.
4:27 of 1st period - Matt Gilroy is hit by Randy Jones and loses puck.
4:36 of 1st period - Wrist shot by Nathan Davis.
4:36 of 1st period - Stopped by Matt Hackett with a rebound.
4:38 of 1st period - Wrist shot by Dennis Persson.
4:38 of 1st period - Stopped by Matt Hackett with a rebound.
4:40 of 1st period - Backhand shot by James Sheppard.
4:40 of 1st period - Deflect By Nathan Davis.
4:40 of 1st period - Shot Blocked by Randy Jones.
4:40 of 1st period - Puck is out of play.
4:41 of 1st period - Kevin Veilleux wins face-off versus Martin Hanzal in Blackdemons zone.
5:33 of 1st period - Snap shot by Randy Jones.
5:33 of 1st period - Stopped by Leland Irving without a rebound.
5:34 of 1st period - Scott Timmins wins face-off versus Michael Ryder in Rafales zone.
5:41 of 1st period - Wrist shot by Scott Timmins.
5:41 of 1st period - Stopped by Leland Irving without a rebound.
5:42 of 1st period - Kevin Veilleux wins face-off versus Martin Hanzal in Rafales zone.
5:54 of 1st period - Wrist shot by Cody McLeod.
5:54 of 1st period - Stopped by Matt Hackett with a rebound.
5:56 of 1st period - Snap shot by Michael Ryder.
5:56 of 1st period - Goal by Michael Ryder - Rafales : 1 - Blackdemons : 1.
5:57 of 1st period - Martin Hanzal wins face-off versus Michael Ryder in neutral zone.
6:04 of 1st period - Snap shot by Cody McLeod.
6:04 of 1st period - Stopped by Matt Hackett without a rebound.
6:05 of 1st period - Kevin Veilleux wins face-off versus Alexandre Grenier in Blackdemons zone.
6:14 of 1st period - Wrist shot by Michael Ryder.
6:14 of 1st period - Shot Misses the Net.
6:54 of 1st period - Snap shot by Ladislav Nagy.
6:54 of 1st period - Shot Misses the Net.
6:56 of 1st period - Snap shot by Roman Josi.
6:56 of 1st period - Shot Misses the Net.
6:58 of 1st period - Wrist shot by Roman Josi.
6:58 of 1st period - Stopped by Leland Irving without a rebound.
6:59 of 1st period - Kevin Veilleux wins face-off versus Ladislav Nagy in Rafales zone.
6:59 of 1st period - Kevin Veilleux is hit by Brett Kulak.
7:23 of 1st period - Snap shot by Ladislav Nagy.
7:23 of 1st period - Stopped by Leland Irving with a rebound.
8:03 of 1st period - Slapshot by Ladislav Nagy.
8:03 of 1st period - Shot Misses the Net.
8:21 of 1st period - Snap shot by Michael Ryder.
8:21 of 1st period - Shot Misses the Net.
8:23 of 1st period - Snap shot by Michael Ryder.
8:23 of 1st period - Deflect By Cody McLeod.
8:23 of 1st period - Shot Blocked by Kyle Rau.
8:23 of 1st period - Puck is out of play.
8:24 of 1st period - Stefan Chaput wins face-off versus Martin Hanzal in Blackdemons zone.
8:25 of 1st period - Wrist shot by Brian Ferlin.
8:25 of 1st period - Shot Blocked by Robbie Russo.
8:49 of 1st period - Connor Murphy is hit by Brett Kulak and loses puck.
8:56 of 1st period - Snap shot by James Livingstone.
8:56 of 1st period - Shot Misses the Net.
11:11 of 1st period - Slapshot by Yannick Weber.
11:11 of 1st period - Shot Misses the Net.
11:25 of 1st period - Jeffrey Foss is hit by Chris Terry.
13:26 of 1st period - Wrist shot by James Marcou.
13:26 of 1st period - Stopped by Matt Hackett without a rebound.
13:27 of 1st period - Mackenzie MacEachern wins face-off versus Cedric Paquette in Blackdemons zone.
13:36 of 1st period - Slapshot by Randy Jones.
13:36 of 1st period - Stopped by Leland Irving with a rebound.
13:39 of 1st period - Icing by Joey Laleggia.
13:40 of 1st period - Martin Hanzal wins face-off versus Cedric Paquette in Rafales zone.
14:34 of 1st period - Snap shot by Brian Ferlin.
14:34 of 1st period - Shot Misses the Net.
15:00 of 1st period - Patrice Cormier is hit by Brian Ferlin and loses puck.
15:23 of 1st period - Snap shot by Brian Ferlin.
15:23 of 1st period - Shot Misses the Net.
15:41 of 1st period - Snap shot by Stefan Chaput.
15:41 of 1st period - Stopped by Matt Hackett with a rebound.
15:43 of 1st period - Wrist shot by Stefan Chaput.
15:43 of 1st period - Stopped by Matt Hackett with a rebound.
15:45 of 1st period - Snap shot by Matt Gilroy.
15:45 of 1st period - Deflect By Brian Ferlin.
15:45 of 1st period - Stopped by Matt Hackett with a rebound.
15:47 of 1st period - Slapshot by Matt Gilroy.
15:47 of 1st period - Shot Blocked by Patrice Cormier.
15:51 of 1st period - Slapshot by Stefan Chaput.
15:51 of 1st period - Shot Misses the Net.
15:55 of 1st period - Snap shot by Brian Ferlin.
15:55 of 1st period - Stopped by Matt Hackett with a rebound.
15:57 of 1st period - Slapshot by Matt Gilroy.
15:57 of 1st period - Stopped by Matt Hackett with a rebound.
16:21 of 1st period - Snap shot by Stefan Chaput.
16:21 of 1st period - Stopped by Matt Hackett with a rebound.
16:23 of 1st period - Wrist shot by Brian Ferlin.
16:23 of 1st period - Goal by Brian Ferlin - Rafales : 2 - Blackdemons : 1.
16:24 of 1st period - Martin Hanzal wins face-off versus Michael Ryder in neutral zone.
17:55 of 1st period - Wrist shot by James Marcou.
17:55 of 1st period - Shot Misses the Net.
18:07 of 1st period - Wrist shot by Ladislav Nagy.
18:07 of 1st period - Deflect By Hudson Fasching.
18:07 of 1st period - Shot Misses the Net.
18:07 of 1st period - Puck is out of play.
18:08 of 1st period - Kevin Veilleux wins face-off versus Kyle Rau in Rafales zone.
18:23 of 1st period - Snap shot by Michael Ryder.
18:23 of 1st period - Stopped by Matt Hackett without a rebound.
18:24 of 1st period - Martin Hanzal wins face-off versus Nathan Davis in Blackdemons zone.
18:50 of 1st period - Kyle Rau is hit by Cody McLeod and loses puck.
18:57 of 1st period - Slapshot by Michael Ryder.
18:57 of 1st period - Stopped by Matt Hackett without a rebound.
18:58 of 1st period - Kyle Rau wins face-off versus Cody McLeod in Blackdemons zone.
19:12 of 1st period - Minor Penalty to Hudson Fasching for Roughing.
19:13 of 1st period - Kevin Veilleux wins face-off versus Patrice Cormier in Blackdemons zone.
19:27 of 1st period - Snap shot by Michael Ryder.
19:27 of 1st period - Stopped by Matt Hackett without a rebound.
19:28 of 1st period - Kevin Veilleux wins face-off versus Kyle Rau in Blackdemons zone.
19:45 of 1st period - Snap shot by Patrice Cormier.
19:45 of 1st period - Shot Misses the Net.
Goals for this period are 2 for Rafales vs 1 for Blackdemons.
Shots for this period are 21 for Rafales vs 9 for Blackdemons.
2nd period
0:01 of 2nd period - Kyle Rau wins face-off versus Kevin Veilleux in neutral zone.
0:23 of 2nd period - Yannick Weber is hit by Nathan Davis and loses puck.
0:28 of 2nd period - Slapshot by Nathan Davis.
0:28 of 2nd period - Stopped by Matt Hackett without a rebound.
0:29 of 2nd period - Cody McLeod wins face-off versus Kyle Rau in Blackdemons zone.
1:12 of 2nd period - Penalty to Hudson Fasching is over, Hudson Fasching is back on ice.
1:48 of 2nd period - Icing by Hudson Fasching.
1:49 of 2nd period - Brian Ferlin wins face-off versus Kyle Rau in Blackdemons zone.
2:37 of 2nd period - Off-side.
2:38 of 2nd period - Stefan Chaput wins face-off versus Scott Timmins in neutral zone.
2:41 of 2nd period - James Livingstone is hit by Chris Terry and loses puck.
3:30 of 2nd period - Joey Laleggia is hit by Jeffrey Foss and loses puck.
3:49 of 2nd period - Slapshot by Cedric Paquette.
3:49 of 2nd period - Stopped by Matt Hackett without a rebound.
3:50 of 2nd period - Cedric Paquette wins face-off versus Ladislav Nagy in Blackdemons zone.
4:20 of 2nd period - Ladislav Nagy is hit by Joey Laleggia and loses puck.
5:08 of 2nd period - Snap shot by Ladislav Nagy.
5:08 of 2nd period - Goal by Ladislav Nagy - Rafales : 2 - Blackdemons : 2.
5:09 of 2nd period - Martin Hanzal wins face-off versus Michael Ryder in neutral zone.
5:20 of 2nd period - Slapshot by Michael Ryder.
5:20 of 2nd period - Stopped by Matt Hackett without a rebound.
5:21 of 2nd period - Martin Hanzal wins face-off versus Michael Ryder in Blackdemons zone.
5:25 of 2nd period - Off-side.
5:26 of 2nd period - Martin Hanzal wins face-off versus Cody McLeod in neutral zone.
5:29 of 2nd period - Slapshot by Randy Jones.
5:29 of 2nd period - Stopped by Leland Irving with a rebound.
5:35 of 2nd period - Snap shot by Martin Hanzal.
5:35 of 2nd period - Stopped by Leland Irving with a rebound.
5:37 of 2nd period - Slapshot by Randy Jones.
5:37 of 2nd period - Shot Blocked by Michael Ryder.
5:39 of 2nd period - Wrist shot by Blake Pietila.
5:39 of 2nd period - Deflect By Martin Hanzal.
5:39 of 2nd period - Stopped by Leland Irving with a rebound.
5:41 of 2nd period - Wrist shot by Martin Hanzal.
5:41 of 2nd period - Stopped by Leland Irving without a rebound.
5:42 of 2nd period - Max Friberg wins face-off versus Nathan Davis in Rafales zone.
5:46 of 2nd period - Icing by Milan Bartovic.
5:47 of 2nd period - Patrice Cormier wins face-off versus Nathan Davis in Rafales zone.
5:48 of 2nd period - Wrist shot by Sergei Plotnikov.
5:48 of 2nd period - Shot Blocked by Matt Gilroy.
6:12 of 2nd period - Michael Ryder is hit by Martin Hanzal and loses puck.
6:25 of 2nd period - Backhand shot by Blake Pietila.
6:25 of 2nd period - Stopped by Leland Irving with a rebound.
6:37 of 2nd period - Snap shot by Scott Timmins.
6:37 of 2nd period - Stopped by Leland Irving without a rebound.
6:38 of 2nd period - Nathan Davis wins face-off versus Scott Timmins in Rafales zone.
8:08 of 2nd period - Slapshot by Connor Murphy.
8:08 of 2nd period - Shot Blocked by Jeffrey Foss.
8:20 of 2nd period - Icing by Matt Gilroy.
8:21 of 2nd period - Martin Hanzal wins face-off versus Stefan Chaput in Rafales zone.
8:26 of 2nd period - Wrist shot by Alexandre Grenier.
8:26 of 2nd period - Stopped by Leland Irving without a rebound.
8:27 of 2nd period - Martin Hanzal wins face-off versus Kevin Veilleux in Rafales zone.
8:57 of 2nd period - Patrice Cormier is hit by James Sheppard and loses puck.
9:15 of 2nd period - Wrist shot by Nathan Davis.
9:15 of 2nd period - Shot Misses the Net.
9:17 of 2nd period - Snap shot by Milan Bartovic.
9:17 of 2nd period - Stopped by Matt Hackett with a rebound.
9:35 of 2nd period - Wrist shot by Nathan Davis.
9:35 of 2nd period - Stopped by Matt Hackett with a rebound.
9:37 of 2nd period - Wrist shot by Milan Bartovic.
9:37 of 2nd period - Stopped by Matt Hackett with a rebound.
9:39 of 2nd period - Snap shot by James Sheppard.
9:39 of 2nd period - Stopped by Matt Hackett without a rebound.
9:40 of 2nd period - Martin Hanzal wins face-off versus Kevin Veilleux in Blackdemons zone.
9:47 of 2nd period - Slapshot by Martin Hanzal.
9:47 of 2nd period - Shot Misses the Net.
9:49 of 2nd period - Slapshot by Blake Pietila.
9:49 of 2nd period - Stopped by Leland Irving with a rebound.
9:51 of 2nd period - Wrist shot by Martin Hanzal.
9:51 of 2nd period - Stopped by Leland Irving with a rebound.
9:53 of 2nd period - Snap shot by Alexandre Grenier.
9:53 of 2nd period - Shot Blocked by Julian Melchiori.
9:55 of 2nd period - Wrist shot by Alexandre Grenier.
9:55 of 2nd period - Shot Blocked by Julian Melchiori.
10:47 of 2nd period - Blake Pietila is hit by Cody McLeod and loses puck.
10:52 of 2nd period - Wrist shot by Cody McLeod.
10:52 of 2nd period - Shot Blocked by Martin Hanzal.
11:43 of 2nd period - James Marcou is hit by Scott Timmins and loses puck.
12:18 of 2nd period - Snap shot by Julian Melchiori.
12:18 of 2nd period - Deflect By Brian Ferlin.
12:18 of 2nd period - Stopped by Matt Hackett without a rebound.
12:19 of 2nd period - Stefan Chaput wins face-off versus Kyle Rau in Blackdemons zone.
12:22 of 2nd period - Snap shot by Brian Ferlin.
12:22 of 2nd period - Stopped by Matt Hackett without a rebound.
12:23 of 2nd period - Martin Hanzal wins face-off versus Stefan Chaput in Blackdemons zone.
12:33 of 2nd period - Icing by Matt Gilroy.
12:34 of 2nd period - Martin Hanzal wins face-off versus Stefan Chaput in Rafales zone.
12:35 of 2nd period - Wrist shot by Blake Pietila.
12:35 of 2nd period - Deflect By Martin Hanzal.
12:35 of 2nd period - Shot Misses the Net.
12:35 of 2nd period - Puck is out of play.
12:36 of 2nd period - Alexandre Grenier wins face-off versus Michael Ryder in Rafales zone.
12:37 of 2nd period - Snap shot by Martin Hanzal.
12:37 of 2nd period - Shot Blocked by Matt Gilroy.
12:45 of 2nd period - Slapshot by Martin Hanzal.
12:45 of 2nd period - Shot Blocked by Connor Murphy.
13:01 of 2nd period - Martin Hanzal is hit by Matt Gilroy and loses puck.
13:12 of 2nd period - Wrist shot by Alexandre Grenier.
13:12 of 2nd period - Shot Misses the Net.
14:47 of 2nd period - Sergei Plotnikov is hit by Milan Bartovic and loses puck.
15:14 of 2nd period - Ladislav Nagy is hit by Michael Ryder and loses puck.
15:51 of 2nd period - Randy Jones is hit by Joey Laleggia and loses puck.
16:32 of 2nd period - Snap shot by Martin Hanzal.
16:32 of 2nd period - Shot Misses the Net.
16:50 of 2nd period - Off-side.
16:51 of 2nd period - Kyle Rau wins face-off versus Cedric Paquette in neutral zone.
16:58 of 2nd period - Snap shot by Ladislav Nagy.
16:58 of 2nd period - Stopped by Leland Irving with a rebound.
17:57 of 2nd period - Snap shot by Stefan Chaput.
17:57 of 2nd period - Deflect By Chris Terry.
17:57 of 2nd period - Stopped by Matt Hackett with a rebound.
17:59 of 2nd period - Slapshot by Chris Terry.
17:59 of 2nd period - Shot Blocked by Charles-Olivier Roussel.
18:25 of 2nd period - Wrist shot by Michael Ryder.
18:25 of 2nd period - Shot Misses the Net.
19:23 of 2nd period - Minor Penalty to Milan Bartovic for Roughing.
19:24 of 2nd period - Patrice Cormier wins face-off versus Kevin Veilleux in Rafales zone.
19:49 of 2nd period - Connor Murphy is hit by Blake Pietila and loses puck.
Goals for this period are 0 for Rafales vs 1 for Blackdemons.
Shots for this period are 10 for Rafales vs 11 for Blackdemons.
3rd period
0:01 of 3rd period - Kevin Veilleux wins face-off versus Martin Hanzal in neutral zone.
1:23 of 3rd period - Penalty to Milan Bartovic is over, Milan Bartovic is back on ice.
1:38 of 3rd period - Snap shot by Scott Timmins.
1:38 of 3rd period - Shot Misses the Net.
1:40 of 3rd period - Wrist shot by Yannick Weber.
1:40 of 3rd period - Stopped by Leland Irving with a rebound.
1:42 of 3rd period - Wrist shot by James Livingstone.
1:42 of 3rd period - Shot Blocked by Dennis Persson.
1:44 of 3rd period - Slapshot by Yannick Weber.
1:44 of 3rd period - Shot Misses the Net.
2:36 of 3rd period - Snap shot by Cedric Paquette.
2:36 of 3rd period - Stopped by Matt Hackett without a rebound.
2:37 of 3rd period - Kyle Rau wins face-off versus Cedric Paquette in Blackdemons zone.
2:52 of 3rd period - Snap shot by Kyle Rau.
2:52 of 3rd period - Shot Misses the Net.
4:12 of 3rd period - Wrist shot by Ladislav Nagy.
4:12 of 3rd period - Shot Misses the Net.
4:14 of 3rd period - Wrist shot by Kyle Rau.
4:14 of 3rd period - Shot Misses the Net.
5:50 of 3rd period - Wrist shot by Patrice Cormier.
5:50 of 3rd period - Stopped by Leland Irving without a rebound.
5:51 of 3rd period - Kevin Veilleux wins face-off versus Patrice Cormier in Rafales zone.
6:01 of 3rd period - Minor Penalty to Tommy Vannelli for Slashing.
6:02 of 3rd period - Kevin Veilleux wins face-off versus Kyle Rau in Blackdemons zone.
6:05 of 3rd period - Wrist shot by Kevin Veilleux.
6:05 of 3rd period - Goal by Kevin Veilleux - Rafales : 3 - Blackdemons : 2.
6:06 of 3rd period - Kevin Veilleux wins face-off versus Martin Hanzal in neutral zone.
7:40 of 3rd period - Max Friberg is hit by Joey Laleggia and loses puck.
9:23 of 3rd period - Wrist shot by Ladislav Nagy.
9:23 of 3rd period - Shot Misses the Net.
9:35 of 3rd period - Stefan Chaput is hit by Hudson Fasching and loses puck.
9:51 of 3rd period - Icing by Robbie Russo.
9:52 of 3rd period - Alexandre Grenier wins face-off versus Cedric Paquette in Blackdemons zone.
10:25 of 3rd period - Wrist shot by Michael Ryder.
10:25 of 3rd period - Shot Misses the Net.
10:41 of 3rd period - Yannick Weber is hit by James Sheppard and loses puck.
10:58 of 3rd period - Snap shot by Martin Hanzal.
10:58 of 3rd period - Stopped by Leland Irving with a rebound.
11:00 of 3rd period - Slapshot by Martin Hanzal.
11:00 of 3rd period - Stopped by Leland Irving with a rebound.
11:02 of 3rd period - Wrist shot by Martin Hanzal.
11:02 of 3rd period - Goal by Martin Hanzal - Rafales : 3 - Blackdemons : 3.
11:03 of 3rd period - Martin Hanzal wins face-off versus Kevin Veilleux in neutral zone.
11:18 of 3rd period - Roman Josi is hit by Cody McLeod and loses puck.
11:29 of 3rd period - Nathan Davis is hit by Patrice Cormier and loses puck.
12:52 of 3rd period - Dennis Persson is hit by Blake Pietila and loses puck.
13:09 of 3rd period - Randy Jones is hit by Dylan McIlrath and loses puck.
13:18 of 3rd period - Wrist shot by James Marcou.
13:18 of 3rd period - Goal by James Marcou - Rafales : 4 - Blackdemons : 3.
13:19 of 3rd period - Patrice Cormier wins face-off versus Kevin Veilleux in neutral zone.
13:35 of 3rd period - Off-side.
13:36 of 3rd period - Nathan Davis wins face-off versus Martin Hanzal in neutral zone.
14:24 of 3rd period - Snap shot by Mackenzie MacEachern.
14:24 of 3rd period - Stopped by Leland Irving without a rebound.
14:25 of 3rd period - Scott Timmins wins face-off versus Stefan Chaput in Rafales zone.
14:36 of 3rd period - Snap shot by Mackenzie MacEachern.
14:36 of 3rd period - Deflect By Scott Timmins.
14:36 of 3rd period - Stopped by Leland Irving without a rebound.
14:37 of 3rd period - Alexandre Grenier wins face-off versus Kevin Veilleux in Rafales zone.
14:38 of 3rd period - Slapshot by Martin Hanzal.
14:38 of 3rd period - Stopped by Leland Irving without a rebound.
14:39 of 3rd period - Martin Hanzal wins face-off versus Kevin Veilleux in Rafales zone.
14:54 of 3rd period - Snap shot by Michael Ryder.
14:54 of 3rd period - Stopped by Matt Hackett without a rebound.
14:55 of 3rd period - Max Friberg wins face-off versus Nathan Davis in Blackdemons zone.
15:29 of 3rd period - Slapshot by Cody McLeod.
15:29 of 3rd period - Stopped by Matt Hackett with a rebound.
15:31 of 3rd period - Slapshot by Cody McLeod.
15:31 of 3rd period - Stopped by Matt Hackett without a rebound.
15:32 of 3rd period - Martin Hanzal wins face-off versus Stefan Chaput in Blackdemons zone.
15:46 of 3rd period - Slapshot by Julian Melchiori.
15:46 of 3rd period - Stopped by Matt Hackett without a rebound.
15:47 of 3rd period - Michael Ryder wins face-off versus Kyle Rau in Blackdemons zone.
15:52 of 3rd period - Slapshot by Michael Ryder.
15:52 of 3rd period - Shot Misses the Net.
15:54 of 3rd period - Slapshot by Cody McLeod.
15:54 of 3rd period - Stopped by Matt Hackett without a rebound.
15:55 of 3rd period - Kevin Veilleux wins face-off versus Kyle Rau in Blackdemons zone.
16:18 of 3rd period - Wrist shot by Kyle Rau.
16:18 of 3rd period - Shot Blocked by Matt Gilroy.
16:36 of 3rd period - Snap shot by Ladislav Nagy.
16:36 of 3rd period - Deflect By Kyle Rau.
16:36 of 3rd period - Goal by Kyle Rau - Rafales : 4 - Blackdemons : 4.
16:37 of 3rd period - Martin Hanzal wins face-off versus Stefan Chaput in neutral zone.
17:04 of 3rd period - Milan Bartovic is hit by Patrice Cormier and loses puck.
17:11 of 3rd period - Milan Bartovic is hit by Jeffrey Foss and loses puck.
17:40 of 3rd period - Snap shot by Cody McLeod.
17:40 of 3rd period - Stopped by Matt Hackett with a rebound.
17:52 of 3rd period - Dylan McIlrath is hit by Martin Hanzal and loses puck.
18:00 of 3rd period - Off-side.
18:01 of 3rd period - Kevin Veilleux wins face-off versus Martin Hanzal in neutral zone.
18:06 of 3rd period - Snap shot by Cody McLeod.
18:06 of 3rd period - Stopped by Matt Hackett without a rebound.
18:07 of 3rd period - Martin Hanzal wins face-off versus Kevin Veilleux in Blackdemons zone.
18:32 of 3rd period - Stefan Chaput is hit by Roman Josi and loses puck.
Goals for this period are 2 for Rafales vs 2 for Blackdemons.
Shots for this period are 10 for Rafales vs 9 for Blackdemons.
Overtime #1
0:01 of 1st overtime period - Kevin Veilleux wins face-off versus Kyle Rau in neutral zone.
0:14 of 1st overtime period - Cody McLeod is hit by Roman Josi and loses puck.
0:27 of 1st overtime period - Connor Murphy is hit by Ladislav Nagy and loses puck.
0:34 of 1st overtime period - Wrist shot by Patrice Cormier.
0:34 of 1st overtime period - Stopped by Leland Irving without a rebound.
0:35 of 1st overtime period - Kevin Veilleux wins face-off versus Ladislav Nagy in Rafales zone.
1:02 of 1st overtime period - Wrist shot by Patrice Cormier.
1:02 of 1st overtime period - Deflect By Ladislav Nagy.
1:02 of 1st overtime period - Stopped by Leland Irving without a rebound.
1:03 of 1st overtime period - Kyle Rau wins face-off versus Kevin Veilleux in Rafales zone.
1:14 of 1st overtime period - Slapshot by Randy Jones.
1:14 of 1st overtime period - Shot Misses the Net.
1:30 of 1st overtime period - Michael Ryder is hit by Roman Josi and loses puck.
4:34 of 1st overtime period - Icing by Roman Josi.
4:35 of 1st overtime period - Ladislav Nagy wins face-off versus Kevin Veilleux in Blackdemons zone.
Goals for this period are 0 for Rafales vs 0 for Blackdemons.
Shots for this period are 0 for Rafales vs 2 for Blackdemons.
ShootOut
5:00 of 1st overtime period - Round #1.
5:00 of 1st overtime period - Rafales, Kevin Veilleux.
5:00 of 1st overtime period - Backhand shot by Kevin Veilleux.
5:00 of 1st overtime period - Shot Misses the Net.
5:00 of 1st overtime period - Blackdemons, Martin Hanzal.
5:00 of 1st overtime period - Backhand shot by Martin Hanzal.
5:00 of 1st overtime period - Goal by Martin Hanzal.
5:00 of 1st overtime period - Round #2.
5:00 of 1st overtime period - Rafales, Cody McLeod.
5:00 of 1st overtime period - Snap shot by Cody McLeod.
5:00 of 1st overtime period - Shot Misses the Net.
5:00 of 1st overtime period - Blackdemons, Ladislav Nagy.
5:00 of 1st overtime period - Deke by Ladislav Nagy.
5:00 of 1st overtime period - Goal by Ladislav Nagy.
5:00 of 1st overtime period - Round #3.
Back to the Top